 Dungeon Crawl Stone Soup version 0.26-a0-1177-g1209ec82b9 (webtiles) character file.

Game seed: 16211396621504904000

65 sahdkjhfkaj the Skirmisher (level 4, -1/39 HPs)
             Began as a Merfolk Berserker on Dec 24, 2020.
             Was a Believer of Trog.
             Slain by a worm (2 damage)
             ... on level 2 of the Dungeon.
             The game lasted 00:01:49 (1311 turns).

sahdkjhfkaj the Skirmisher (Merfolk Berserker)      Turns: 1311, Time: 00:01:50

Health: -1/39      AC:  6    Str: 18    XL:     4   Next: 14%
Magic:  4/4        EV: 10    Int:  6    God:    Trog [**....]
Gold:   41         SH:  0    Dex: 13    Spells: 3/3 levels left

rFire    . . .     SeeInvis .   a - +0 spear
rCold    . . .     Faith    .   (no shield)
rNeg     . . .     Spirit   .   d - +0 scale mail
rPois    .         Reflect  .   (no helmet)
rElec    .         Harm     .   (no cloak)
rCorr    .         Rampage  .   (no gloves)
Will     .....                  (no boots)
Stlth    ..........             (no amulet)
HPRegen  0.13/turn              (no ring)
MPRegen  0.09/turn              (no ring)

@: berserk cooldown, slowed, very slow
A: change form in water, swift swim, stealthy swim
a: Renounce Religion, Berserk, Trog's Hand


You were on level 2 of the Dungeon.
You worshipped Trog.
Trog was pleased with you.
You visited 1 branch of the dungeon, and saw 2 of its levels.

You collected 41 gold pieces.

Inventory:

Hand Weapons
 a - a +0 spear (weapon)
Armour
 d - a +0 scale mail (worn)
Scrolls
 e - 2 scrolls of identify {unknown}
 f - a scroll of enchant weapon {unknown}
 g - a scroll of amnesia {unknown}
Potions
 b - a potion of might {unknown}
 c - 2 potions of curing {unknown}


   Skills:
 + Level 5.4 Fighting
 - Level 4.4 Polearms
 - Level 1.3 Armour
 - Level 2.6 Dodging


You had 3 spell levels left.
You didn't know any spells.
Your spell library was empty.

Dungeon Overview and Level Annotations

Branches:
Dungeon (2/15)

Altars:


Message History

The worm bites you.
* * * LOW HITPOINT WARNING * * *
You hit the worm.
The worm is moderately wounded.
The kobold hits you.
* * * LOW HITPOINT WARNING * * *
The hobgoblin barely misses you.
You hit the worm.
The worm is heavily wounded.
The kobold hits you but does no damage. The hobgoblin closely misses you.
The worm barely misses you. The kobold barely misses you.
You hit the worm but do no damage.
The worm is heavily wounded.
The hobgoblin hits you.
* * * LOW HITPOINT WARNING * * *
The worm bites you!
* * * LOW HITPOINT WARNING * * *
The kobold hits you but does no damage. The hobgoblin closely misses you.
The worm bites you.
You die...

......##<.[...
..............
..............
#...........###
##..##..........
..............#
...............###.
..........Kg.......
..........@w#######
...........##
...........#
...........#
#........## .
##.#.$.#..##..
#.##..##....#
##.....###
#.##...#...##


You could see a worm, a hobgoblin and a kobold.

Vanquished Creatures
  2 adders (D:2)
  An ooze (D:1)
  A worm (D:2)
  2 dart slugs (D:1)
  A leopard gecko (D:1)
  2 giant cockroaches
  5 goblins
  5 hobgoblins (D:1)
  2 kobolds (D:1)
  5 bats (D:1)
  8 rats
34 creatures vanquished.

Notes
Turn   | Place    | Note
-------+----------+-------------------------------------------
     0 | D:1      | sahdkjhfkaj the Merfolk Berserker began the quest for the
                  | Orb.
     0 | D:1      | Reached XP level 1. HP: 18/18 MP: 1/1
    52 | D:1      | Reached XP level 2. HP: 25/25 MP: 2/2
    63 | D:1      | Reached skill level 4 in Fighting
   298 | D:1      | Reached XP level 3. HP: 28/31 MP: 3/3
   367 | D:1      | Reached ** piety under Trog
   876 | D:2      | Reached skill level 5 in Fighting
   945 | D:2      | Reached XP level 4. HP: 27/39 MP: 4/4
  1310 | D:2      | HP: 1/39 [worm (7)]
  1311 | D:2      | Slain by a worm

Illustrated notes

Levels and vault maps discovered:
D:1:      elethiomel_arrival_shortcut, layout_rooms, grunt_decor_junction
D:2:      layout_rooms, tgw_xom, tso_metal_star, grunt_ministairs_2,
          hangedman_decor_growths

Skill      XL: |  1  2  3 |
---------------+----------+-----
Fighting       | 4 5 |  5.4
Polearms       | |  4.4
Armour         | |  1.3
Dodging        | |  2.6

Action                   |  1- 3 |  4- 6 || total
-------------------------+-------+-------++-------
Melee: Spear             |   127 |    29 ||   156
Invok: Berserk           |     2 |     1 ||     3
Armor: Scale mail        |    62 |    24 ||    86
       Animal skin       |     1 |       ||     1
Dodge: Dodged            |    84 |    23 ||   107

Table legend: (Time is in decaauts)
 A = Elapsed time spent in this place.
 B = Non-inter-level travel time spent in this place.
 C = Inter-level travel time spent in this place.
 D = Time resting spent in this place.
 E = Time spent auto-exploring this place.
 F = Levels seen in this place.
 G = Mean time per level.
                   A        B        C        D        E       F      G
               +--------+--------+--------+--------+--------+-----+--------+
         Total |   1313 |   1285 |     28 |     43 |    968 |   2 |  656.5 |
       Dungeon |   1313 |   1285 |     28 |     43 |    968 |   2 |  656.5 |
               +--------+--------+--------+--------+--------+-----+--------+

Top non-repeatable levels by time:
     D:1: 855 daAuts
     D:2: 458 daAuts
